 Dungeon Sprint DCSS version 0.22-a0-422-g9628fc8 (webtiles) character file.

471651 Goblin1989 the Demonic Aeon (level 18, 182/182 HPs)
             Began as a Demonspawn Monk on May 21, 2018.
             Was the Champion of Cheibriados.
             Escaped with the Orb!
             The game lasted 00:48:20 (6076 turns).

Goblin1989 the Demonic Aeon (Demonspawn Monk)       Turns: 6076, Time: 00:48:21

Health: 182/182    AC: 47    Str: 34    XL:     18   Next: 77%
Magic:  35/35      EV: 24    Int: 31    God:    Cheibriados [******]
Gold:   0          SH: 40    Dex: 30    Spells: 17/17 levels left

rFire    + + .     SeeInvis .     - Unarmed
rCold    + + +     Gourm    .   L - +18 shield of the Gong {rElec rN+ MR+ EV-5}
rNeg     + + .     Faith    .   C - +9 gold dragon scales
rPois    +         Spirit   .   t - +1 helmet "Tamubb" {rC+}
rElec    +         Reflect  +   X - +0 cloak {MR+}
rCorr    .         Harm     .   (gloves unavailable)
MR       +++++     NoTele   +   m - +2 pair of boots {Fly}
Stlth    ..........             H - +5 amulet of reflection
HPRegen  0.40/turn              P - ring of Mistrust {rElec rPois rC+ rN+ Slay-3}
MPRegen  0.24/turn              N - ring of the Mage {Wiz MR++ Int+3}

@: flying, very slow
A: claws 3, slimy green scales 2, demonic guardian 1, fire resistance 1, ignite
blood, flame cloud immunity, subdued magic 2
0: Orb of Zot
a: Bend Time, Temporal Distortion, Slouch, Step From Time, Renounce Religion,
Stop Flying


You escaped.
You worshipped Cheibriados.
Cheibriados was exalted by your worship.
You were not hungry.

You visited 1 branch

Inventory:

Hand Weapons
 k - the +9 triple crossbow of the Throat {elec, Dex+6}
   (You found it in the Dungeon)

   It charges the ammunition it shoots with electricity; occasionally upon a
   hit, such missiles may discharge and cause terrible harm.
   It affects your dexterity (+6).
 o - the +7 hand crossbow "Xiril" {venom, *Corrode rPois rN+ Str+2}
   (You found it in the Dungeon)

   It poisons the ammo it fires.
   It affects your strength (+2).
   It protects you from poison.
   It protects you from negative energy.
   It may corrode you when you take damage.
 v - the +8 lance "Wyrmbane" {slay drac, rPois rF+ rC+ AC+3}
   (You found it in the Dungeon)

   It affects your AC (+3).
   It protects you from fire.
   It protects you from cold.
   It protects you from poison.
Missiles
 Z - a throwing net (quivered) {!d , @Q1}
Armour
 m - a +2 pair of boots of flying (worn)
 t - the +1 helmet "Tamubb" (worn) {rC+}
   (You found it in the Dungeon)

   It protects you from cold.
 C - +9 gold dragon scales (worn)
 L - the +18 shield of the Gong (worn) {rElec rN+ MR+ EV-5}
   (You found it in the Dungeon)

   It affects your evasion (-5).
   It insulates you from electricity.
   It protects you from negative energy.
   It affects your resistance to hostile enchantments.
 V - the +3 hat of Pondering {ponderous, MR+ MP+10 Int+5}
   (You found it in the Dungeon)

   It affects your intelligence (+5).
   It affects your resistance to hostile enchantments.
   It affects your magic capacity (+10).
 X - a +0 cloak of magic resistance (worn)
Magical Staves
 r - an uncursed staff of power {!a}
Jewellery
 H - a +5 amulet of reflection (around neck)
 N - the ring of the Mage (right claw) {Wiz MR++ Int+3}
   (You found it in the Dungeon)

   [ring of wizardry]

   It improves your spell success rate.
   It affects your intelligence (+3).
   It affects your resistance to hostile enchantments.
 P - the ring of Mistrust (left claw) {rElec rPois rC+ rN+ Slay-3}
   (You found it in the Dungeon)

   [ring of poison resistance]

   It affects your accuracy and damage with ranged weapons and melee attacks
   (-3).
   It protects you from cold.
   It insulates you from electricity.
   It protects you from poison.
   It protects you from negative energy.
Wands
 A - a wand of acid (7) {@v2}
 I - a wand of iceblast (6) {@v4}
Scrolls
 q - 5 scrolls of brand weapon
 B - 3 scrolls of blinking
 K - 7 scrolls of fog
 R - 5 scrolls of identify {@r1}
 S - 5 scrolls of remove curse {@r3}
 T - 2 scrolls of fear
Potions
 b - 4 potions of magic
 c - 17 potions of heal wounds {@q2}
 d - 10 potions of curing {@q1}
 E - 2 potions of brilliance
 G - 4 potions of resistance
 J - 4 potions of might
 U - 8 potions of agility
Miscellaneous
 u - a crystal ball of energy
 x - a phial of floods
 D - a lamp of fire
 M - 5 boxes of beasts
 O - a fan of gales
 W - 15 phantom mirrors
Comestibles
 e - 6 rations


   Skills:
 O Level 27 Fighting
   Level 6.7 Axes
 + Level 26.3 Armour
 + Level 23.5 Dodging
 - Level 1.7 Stealth
 - Level 15.0 Shields
 + Level 25.9 Unarmed Combat
 O Level 27 Invocations


You had 17 spell levels left.
You didn't know any spells.
Your spell library contained the following spells:

 Spells                   Type           Power        Failure   Level  Hunger
 Cause Fear               Hex            #.........   77%         4    #####..
 Magic Dart               Conj           #...         12%         1    ##.....
 Fireball                 Conj/Fire      #.........   98%         5    ######.
 Apportation              Tloc           #.....       12%         1    ##.....
 Conjure Flame            Conj/Fire      #.......     36%         3    ####...
 Bolt of Fire             Conj/Fire      #.........   100%        6    #######
 Bolt of Cold             Conj/Ice       #.........   100%        6    #######
 Lightning Bolt           Conj/Air       #.........   98%         5    ######.
 Bolt of Magma            Conj/Fire/Erth #.........   98%         5    ######.
 Slow                     Hex            #.......     21%         2    ###....
 Confuse                  Hex            #.......     36%         3    ####...
 Invisibility             Hex            #.......     100%        6    #######
 Throw Flame              Conj/Fire      #.....       21%         2    ###....
 Controlled Blink         Tloc           N/A          100%        8    #######
 Freezing Cloud           Conj/Ice/Air   #.........   100%        6    #######
 Mephitic Cloud           Conj/Pois/Air  #.......     36%         3    ####...
 Ring of Flames           Chrm/Fire      #.........   100%        7    #######
 Venom Bolt               Conj/Pois      #.........   98%         5    ######.
 Death's Door             Chrm/Necr      #.........   100%        8    #######
 Summon Small Mammal      Summ           #...         12%         1    ##.....
 Blink                    Tloc           N/A          21%         2    ###....
 Animate Dead             Necr           N/A          77%         4    #####..
 Pain                     Necr           #...         12%         1    ##.....
 Animate Skeleton         Necr           N/A          12%         1    ##.....
 Haunt                    Necr/Summ      #.........   100%        7    #######
 Borgnjor's Revivificati  Necr           #.........   100%        8    #######
 Ozocubu's Refrigeration  Ice            #.........   100%        6    #######
 Sticky Flame             Conj/Fire      #.......     77%         4    #####..
 Summon Ice Beast         Ice/Summ       #.......     77%         4    #####..
 Ozocubu's Armour         Chrm/Ice       #.......     36%         3    ####...
 Call Imp                 Summ           #.......     21%         2    ###....
 Regeneration             Chrm/Necr      #.........   36%         3    ####...
 Sting                    Conj/Pois      #...         12%         1    ##.....
 Sublimation of Blood     Necr           #.........   21%         2    ###....
 Tukima's Dance           Hex            #.......     36%         3    ####...
 Summon Demon             Summ           #.........   98%         5    ######.
 Corpse Rot               Necr           N/A          21%         2    ###....
 Iron Shot                Conj/Erth      #.........   100%        6    #######
 Stone Arrow              Conj/Erth      #.....       36%         3    ####...
 Shock                    Conj/Air       #...         12%         1    ##.....
 Swiftness                Chrm/Air       #.......     21%         2    ###....
 Recall                   Summ/Tloc      N/A          36%         3    ####...
 Spider Form              Tmut/Pois      #.........   36%         3    ####...
 Blade Hands              Tmut           #.........   98%         5    ######.
 Statue Form              Tmut/Erth      #........    100%        6    #######
 Ice Form                 Ice/Tmut       #.......     77%         4    #####..
 Dragon Form              Tmut           #.........   100%        7    #######
 Necromutation            Tmut/Necr      #.........   100%        8    #######
 Death Channel            Necr           #.........   100%        6    #######
 Deflect Missiles         Chrm/Air       #.........   100%        6    #######
 Airstrike                Air            #.........   77%         4    #####..
 Shadow Creatures         Summ           N/A          100%        6    #######
 Confusing Touch          Hex            #.....       12%         1    ##.....
 Flame Tongue             Conj/Fire      #....        12%         1    ##.....
 Passwall                 Tmut/Erth      #.........   21%         2    ###....
 Ignite Poison            Fire/Tmut/Pois #.......     36%         3    ####...
 Sticks to Snakes         Tmut           #.......     21%         2    ###....
 Call Canine Familiar     Summ           #.......     36%         3    ####...
 Ensorcelled Hibernation  Hex/Ice        #.....       21%         2    ###....
 Metabolic Englaciation   Hex/Ice        #.........   98%         5    ######.
 Summon Butterflies       Summ           #.......     12%         1    ##.....
 Silence                  Hex/Air        #.........   98%         5    ######.
 Shatter                  Erth           #.........   100%        9    #######
 Dispersal                Tloc           #.........   100%        6    #######
 Static Discharge         Conj/Air       #.......     36%         3    ####...
 Corona                   Hex            #......      12%         1    ##.....
 Alistair's Intoxication  Tmut/Pois      #.......     98%         5    ######.
 Lee's Rapid Deconstruct  Erth           #.........   98%         5    ######.
 Sandblast                Erth           #.....       12%         1    ##.....
 Simulacrum               Ice/Necr       #.........   100%        6    #######
 Conjure Ball Lightning   Conj/Air       #.........   100%        6    #######
 Portal Projectile        Hex/Tloc       #.....       36%         3    ####...
 Petrify                  Tmut/Erth      #.......     77%         4    #####..
 Orb of Destruction       Conj           #.........   100%        7    #######
 Malign Gateway           Summ/Tloc      #.........   100%        7    #######
 Tornado                  Air            #.........   100%        9    #######
 Leda's Liquefaction      Hex/Erth       #.........   77%         4    #####..
 Summon Hydra             Summ           #.........   100%        7    #######
 Darkness                 Hex            #.........   100%        6    #######
 Shroud of Golubria       Chrm/Tloc      #.........   21%         2    ###....
 Inner Flame              Hex/Fire       #.......     36%         3    ####...
 Aura of Abjuration       Summ           #.........   98%         5    ######.
 Beastly Appendage        Tmut           #.....       12%         1    ##.....
 Disjunction              Tloc           #.........   100%        8    #######
 Iskenderun's Battlesphe  Conj/Chrm      #.......     98%         5    ######.
 Dazzling Spray           Conj/Hex       #.....       36%         3    ####...
 Force Lance              Conj/Tloc      #.......     77%         4    #####..
 Infusion                 Chrm           #...         12%         1    ##.....
 Song of Slaying          Chrm           #.......     21%         2    ###....
 Summon Forest            Summ/Tloc      #.........   98%         5    ######.
 Summon Lightning Spire   Summ/Air       #.......     77%         4    #####..
 Summon Guardian Golem    Hex/Summ       #.......     36%         3    ####...
 Spellforged Servitor     Conj/Summ      #.........   100%        7    #######
 Summon Mana Viper        Hex/Summ       #.......     98%         5    ######.
 Hydra Form               Tmut           #.........   100%        6    #######
 Irradiate                Conj/Tmut      #.........   98%         5    ######.
 Gell's Gravitas          Tloc           #.........   36%         3    ####...
 Yara's Violent Unravell  Hex/Tmut       #.........   98%         5    ######.
 Infestation              Necr           #.........   100%        8    #######
 Lesser Beckoning         Tloc           #.........   36%         3    ####...
 Poisonous Vapours        Pois/Air       #.....       21%         2    ###....
 Ignition                 Fire           #.........   100%        8    #######
 Borgnjor's Vile Clutch   Necr/Erth      #.........   98%         5    ######.


Dungeon Overview and Level Annotations

Branches:
Dungeon (1/1)

Altars:
Ashenzari
Cheibriados
Dithmenos
Elyvilon
Fedhas
Gozag
Hepliaklqana
Kikubaaqudgha
Makhleb
Nemelex Xobeh
Okawaru
Qazlal
Ru
Sif Muna
Trog
Uskayaw
Vehumet
Wu Jian
Xom
Yredelemnul
Zin
The Shining One
Beogh
Jiyva
Lugonu


Innate Abilities, Weirdness & Mutations

You have claws for hands.
You are mostly covered in slimy green scales. (AC +3)
A weak demonic guardian rushes to your aid.
Your flesh is heat resistant. (rF+)
Your demonic aura causes spilled blood to erupt in flames.
You are immune to clouds of flame.
Your spells are easier to cast, but less powerful.


Message History

You start waiting.
You start waiting.
You start waiting.
You start waiting.
A red devil comes into view. It is wielding a trident.
You miss the red devil. You scratch the red devil.
The red devil is lightly wounded.
You eviscerate the red devil!!!
You kill the red devil!
Cheibriados appreciates the change of pace.
You see here a trident.
There is a staircase leading out of the dungeon here.
You start waiting.
You start waiting.
You start waiting.
You start waiting.
You start waiting.
You start waiting.
You start waiting.
You start waiting.
You start waiting.
You start waiting.
You start waiting.
You start waiting.
You start waiting.
You start waiting.
You start waiting.
You start waiting.
You start waiting.
You start waiting.
You start waiting.
You start waiting.
You start waiting.
You start waiting.
You start waiting.
You start waiting.
You start waiting.
A smoke demon comes into view.
You eviscerate the smoke demon!!!
You kill the smoke demon!
Cheibriados appreciates the change of pace.
There is a staircase leading out of the dungeon here.
You start waiting.
You start waiting.
You start waiting.
You start waiting.
You start waiting.
You start waiting.
You start waiting.
You start waiting.
You start waiting.
You start waiting.
You start waiting.
You start waiting.
You start waiting.
You start waiting.
You start waiting.
You start waiting.
You start waiting.
You start waiting.
You start waiting.
You start waiting.
You start waiting.
You start waiting.
You start waiting.
You start waiting.
You start waiting.
You start waiting.
You start waiting.
You start waiting.
You start waiting.
You start waiting.
You start waiting.
You start waiting.
You start waiting.
You start waiting.
You start waiting.
You start waiting.
You start waiting.
You start waiting.
You start waiting.
You start waiting.
You start waiting.
You start waiting.
You start waiting.
You start waiting.
You start waiting.
You start waiting.
You start waiting.
You start waiting.
You start waiting.
You start waiting.
You start waiting.
You start waiting.
You start waiting.
You start waiting.
You start waiting.
You start waiting.
You have escaped!

............▓..▓..)()..▓..▓...8©8
............▓.▓.▓.....▓.▓.▓...=|.
.|..........▓..▓.......▓..▓....[.
............▓.............▓......
............▓......©......▓......
............▓▓▓▓▓▓▓▓▓▓▓▓▓▓▓.....†
............▓8888888888888▓......
▓.......▓...▓8..)........8▓..▓...
............▓8..@.....©..8▓......
............▓8...........8▓....©.
....©.......▓8888888888888▓▓▓▓▓▓▓
▓▓▓▓▓▓▓▓▓▓▓▓▓▓▓▓▓▓▓▓▓▓▓▓▓▓▓▓▓▓▓▓▓
.....8©8........▓........8©8.....
.))))[|)).)}[.).▓.=..[..)):)).))|
|}).:))..}|)....▓.||).))).}(.:|).
)}[|..)|.):.)|).▓.}}|.)|))))."|))
...().)..)......▓.....)).)))..)).


There were no monsters in sight!

Vanquished Creatures
  2 shard shrikes (shapeshifter) (D)
  A bone dragon (D)
  A quicksilver dragon (shapeshifter) (D)
  2 deep elf master archers (D)
  6 deep elf blademasters (D)
  3 acid blobs (D)
  A lich (D)
  2 thorn hunters (D)
  A shadow dragon (shapeshifter) (D)
  3 krakens (D)
  3 shadow dragons (D)
  5 azure jellies (D)
  9 ghost moths (D)
  15 deep elf sorcerers (D)
  An emperor scorpion (D)
  2 balrugs (D)
  A vault warden (D)
  2 ghouls (D)
  3 spriggan defenders (D)
  An entropy weaver (D)
  3 stone giants (D)
  A deep elf demonologist (D)
  A vampire knight (D)
  13 deep elf annihilators (D)
  A dire elephant (D)
  A spark wasp (D)
  A blizzard demon (D)
  6 death oozes (D)
  A mummy priest (D)
  8 deep elf high priests (D)
  A yaktaur captain (D)
  A great orb of eyes (D)
  11 vault guards (D)
  4 hydras (D)
  A hydra (shapeshifter) (D)
  An anaconda (D)
  5 spriggan air magi (D)
  An anaconda (shapeshifter) (D)
  An ice dragon (D)
  2 hell hogs (D)
  10 dancing weapons (D)
  A shock serpent (shapeshifter) (D)
  12 spriggan berserkers (D)
  4 spriggans (D)
  12 deep elf knights (D)
  4 skeletal warriors (D)
  A sea snake (shapeshifter) (D)
  A death drake (shapeshifter) (D)
  5 spriggan druids (D)
  6 deep elf archers (D)
  A glowing orange brain (D)
  An orc knight (D)
  A lindwurm (shapeshifter) (D)
  8 necromancers (D)
  4 shambling mangroves (D)
  3 orb spiders (D)
  A cyclops (shapeshifter) (D)
  22 deep elf magi (D)
  2 shining eyes (D)
  A faun (shapeshifter) (D)
  2 draconians (D)
  8 moths of wrath (D)
  13 wolf spiders (D)
  A moth of wrath (shapeshifter) (D)
  A water nymph (shapeshifter) (D)
  2 black mambas (D)
  3 smoke demons (D)
  2 torpor snails (D)
  4 hellions (D)
  An eye of devastation (D)
  A spiny frog (shapeshifter) (D)
  9 spiny frogs (D)
  4 demonic crawlers (D)
  2 rime drakes (D)
  A komodo dragon (D)
  4 ice devils (D)
  4 freezing wraiths (D)
  4 guardian mummies (D)
  4 tormentors (D)
  6 yaktaurs (D)
  3 red devils (D)
  13 jumping spiders (D)
  2 hellwings (D)
  7 merfolk (D)
  15 hornets (D)
  A polar bear (D)
  18 slime creatures (D)
  A polar bear (shapeshifter) (D)
  A hippogriff (shapeshifter) (D)
  3 wind drakes (D)
  4 blink frogs (D)
  A snapping turtle (shapeshifter) (D)
  4 hippogriffs (D)
  A flying skull (D)
  2 redbacks (shapeshifter) (D)
  3 water elementals (D)
  7 tarantellas (D)
  5 wraiths (D)
  10 redbacks (D)
  An air elemental (D)
  4 shadows (D)
  An ushabti (D)
  5 yaks (D)
  2 tarantellas (shapeshifter) (D)
  A basilisk (shapeshifter) (D)
  6 golden eyes (D)
  A wyvern (shapeshifter) (D)
  2 fire elementals (D)
  An acid dragon (shapeshifter) (D)
  2 hell hounds (D)
  6 water moccasins (D)
  2 floating eyes (shapeshifter) (D)
  A floating eye (D)
  A black bear (shapeshifter) (D)
  A necrophage (D)
  5 ice beasts (D)
  2 centaurs (D)
  4 crocodiles (D)
  A bullfrog (shapeshifter) (D)
  8 earth elementals (D)
  4 scorpions (D)
  A killer bee (shapeshifter) (D)
  6 wights (D)
  10 jellies (D)
  3 mummies (D)
  6 white imps (D)
  6 oozes (D)
  8 adder zombies (D)
  4 adder skeletons (D)
  3 bat skeletons (D)
  4 bat zombies (D)
  A ball python skeleton (D)
  3 giant cockroach zombies (D)
  A jackal skeleton (D)
  A leopard gecko skeleton (D)
  A leopard gecko zombie (D)
  2 quokka zombies (D)
  A butterfly (D)
  2 fire vortices (D)
  2 tentacles (D)
531 creatures vanquished.

Vanquished Creatures (collateral kills)
  A caustic shrike (shapeshifter) (D)
  A leopard gecko zombie (D)
2 creatures vanquished.

Vanquished Creatures (others)
  3 deep elf master archers (D)
  A deep elf sorcerer (D)
  A satyr (D)
  2 deep elf magi (D)
  A bat simulacrum (D)
  12 tentacles (D)
20 creatures vanquished.

Grand Total: 553 creatures vanquished

Notes
Turn   | Place    | Note
-------+----------+-------------------------------------------
     0 | D        | Found the +6 Majin-Bo {vamp, Archmagi MP+6 Int+6}
     0 | D        | Found the +7 great mace "Firestarter" {inner flame, rF++}
     0 | D        | Goblin1989 the Demonspawn Monk began the quest for the Orb.
     0 | D        | Reached XP level 1. HP: 18/18 MP: 1/1
     0 | D        | Found a blossoming altar of Fedhas.
     4 | D        | Found an opulent altar of Gozag.
     4 | D        | Found a hazy altar of Hepliaklqana.
     4 | D        | Found a viscous altar of Jiyva.
     4 | D        | Found a transporter.
     6 | D        | Became a worshipper of Cheibriados the Contemplative
     6 | D        | Reached * piety under Cheibriados
     6 | D        | Reached ** piety under Cheibriados
    14 | D        | Found an ancient bone altar of Kikubaaqudgha.
    14 | D        | Found a corrupted altar of Lugonu.
    34 | D        | Found a deep blue altar of Sif Muna.
    34 | D        | Found a bloodstained altar of Trog.
    34 | D        | Found a sacrificial altar of Ru.
    34 | D        | Found a stormy altar of Qazlal.
    34 | D        | Found an iron altar of Okawaru.
    35 | D        | Found a sparkling altar of Nemelex Xobeh.
    37 | D        | Found a burning altar of Makhleb.
    53 | D        | Found the +9 heavy crossbow "Sniper" {velocity, Acc+∞ SInv}
    53 | D        | Found the +10 dark maul {crush}
    53 | D        | Found the +15 Maxwell's patent armour {-Cast -Tele rElec MR+ rCorr}
    53 | D        | Found the +18 shield of the Gong {rElec rN+ MR+ EV-5}
    53 | D        | Found the cursed +14 obsidian axe {chop, +Fly SInv *Curse}
    57 | D        | Found the +6 shillelagh "Devastator" {shatter}
    57 | D        | Found the +11 plutonium sword {*Contam Stlth-}
    57 | D        | Found the +8 lance "Wyrmbane" {slay drac, rPois rF+ rC+ AC+3}
    57 | D        | Found the +9 sword of Zonguldrok {reap}
    57 | D        | Found the cursed +13 scythe of Curses {drain, *Curse}
    57 | D        | Found the +0 sword of Power
    57 | D        | Found the +8 mace of Variability {chaos}
    57 | D        | Found the +7 Singing Sword
    57 | D        | Found the +7 longbow "Piercer" {penet, EV-2}
    87 | D        | Gained mutation: You are partially covered in slimy green scales. (AC +2) [demonic ancestry]
    87 | D        | Reached XP level 2. HP: 25/25 MP: 2/2
    97 | D        | Entered arena 2.
    97 | D        | Noticed a draconian
    97 | D        | Noticed a draconian
    97 | D        | Found a transporter.
   102 | D        | Killed a draconian
   102 | D        | Reached skill level 5 in Axes
   102 | D        | Reached skill level 5 in Armour
   102 | D        | Reached skill level 5 in Shields
   102 | D        | Reached XP level 3. HP: 31/35 MP: 2/9
   102 | D        | Gained mutation: A weak demonic guardian rushes to your aid. [demonic ancestry]
   102 | D        | Reached XP level 4. HP: 36/41 MP: 2/10
   102 | D        | Reached XP level 5. HP: 42/47 MP: 2/11
   102 | D        | Reached XP level 6. HP: 47/53 MP: 2/12
   105 | D        | Killed a draconian
   105 | D        | Gained mutation: You have sharp fingernails. [demonic ancestry]
   105 | D        | Reached XP level 7. HP: 54/60 MP: 2/15
   113 | D        | Entered arena 3.
   113 | D        | Noticed a merfolk
   113 | D        | Noticed a merfolk
   113 | D        | Noticed a merfolk
   113 | D        | Found a transporter.
   119 | D        | Killed a merfolk
   119 | D        | Reached skill level 1 in Unarmed Combat
   121 | D        | Killed a merfolk
   121 | D        | Reached *** piety under Cheibriados
   121 | D        | Gained mutation: Your flesh is heat resistant. (rF+) [demonic ancestry]
   121 | D        | Reached XP level 8. HP: 53/68 MP: 5/17
   126 | D        | Killed a merfolk
   128 | D        | Got the +7 war axe of the Vanishing Dreams {protect, +Rage MR- Str+6}
   131 | D        | Got the +8 dagger of Malaise {venom, +Blink +Rage Int+4 Dex+4}
   140 | D        | Entered arena 4.
   140 | D        | Noticed a vampiric battleaxe
   140 | D        | Noticed a deep elf mage
   140 | D        | Noticed a deep elf mage
   140 | D        | Noticed a deep elf mage
   140 | D        | Found a transporter.
   143 | D        | Killed a deep elf mage
   147 | D        | Killed a vampiric battleaxe
   147 | D        | Reached **** piety under Cheibriados
   147 | D        | Gained mutation: You have very sharp fingernails. [demonic ancestry]
   147 | D        | Reached XP level 9. HP: 34/76 MP: 10/19
   154 | D        | Killed a deep elf mage
   154 | D        | Reached skill level 5 in Unarmed Combat
   154 | D        | Killed a deep elf mage
   154 | D        | Reached skill level 15 in Invocations
   428 | D        | Entered arena 5.
   428 | D        | Noticed a deep elf mage
   428 | D        | Noticed a deep elf mage
   428 | D        | Noticed a deep elf mage
   428 | D        | Noticed a deep elf archer
   428 | D        | Found a transporter.
   431 | D        | Killed a deep elf mage
   431 | D        | Reached skill level 10 in Fighting
   432 | D        | Killed a deep elf mage
   432 | D        | Gained mutation: You have claws for hands. [demonic ancestry]
   432 | D        | Reached XP level 10. HP: 81/85 MP: 15/22
   433 | D        | Killed a deep elf mage
   433 | D        | Reached ***** piety under Cheibriados
   451 | D        | Killed a deep elf archer
   469 | D        | Entered arena 6.
   469 | D        | Found a transporter.
   470 | D        | Reached ****** piety under Cheibriados
   477 | D        | Got the +5 plate armour "Jiqik" {MR+ Regen+ rCorr Int-4}
   482 | D        | Got the Tome of Parts Unknown
   486 | D        | Entered arena 7.
   487 | D        | Found a transporter.
   500 | D        | Got the ring of Mistrust {rElec rPois rC+ rN+ Slay-3}
   588 | D        | Entered arena 8.
   588 | D        | Noticed a hell hog
   588 | D        | Noticed a hell hog
   590 | D        | Killed a hell hog
   590 | D        | Killed a hell hog
   590 | D        | Reached skill level 10 in Armour
   590 | D        | Reached skill level 10 in Shields
   591 | D        | Found a transporter.
   601 | D        | Got the Handbook of the Guilds
   603 | D        | Entered arena 9.
   603 | D        | Noticed a wolf spider
   604 | D        | Found a transporter.
   605 | D        | Reached XP level 11. HP: 93/93 MP: 16/24
   606 | D        | Killed a wolf spider
   616 | D        | Got Magic, Part Six
   619 | D        | Entered arena 10.
   619 | D        | Noticed a vault guard
   619 | D        | Noticed an orc knight
   619 | D        | Noticed a vault warden
   619 | D        | Noticed a stone giant
   619 | D        | Noticed a vault guard
   622 | D        | Found a transporter.
   626 | D        | Killed a vault guard
   627 | D        | Killed an orc knight
   629 | D        | Killed a vault warden
   633 | D        | Killed a stone giant
   635 | D        | Killed a vault guard
   727 | D        | Entered arena 11.
   728 | D        | Found the ring of the Mage {Wiz MR++ Int+3}
   732 | D        | Found a transporter.
   910 | D        | Entered arena 12.
   915 | D        | Found a transporter.
   928 | D        | Got the +9 rapier "Dotoplib" {drain, Fragile rN+ Int+4}
   934 | D        | Got the +1 morningstar "Xoopheil" {antimagic, +Inv rN+}
   937 | D        | Got the +3 leather armour of Love and Death {+Fly Str+2 Slay+2}
   980 | D        | Entered arena 13.
   982 | D        | Noticed a blizzard demon
   982 | D        | Noticed an ice dragon
   984 | D        | Reached skill level 10 in Unarmed Combat
   984 | D        | Reached XP level 12. HP: 103/103 MP: 20/26
   986 | D        | Killed a blizzard demon
   986 | D        | Killed an ice dragon
   987 | D        | Found a transporter.
   993 | D        | Got the cursed +0 trident "Obig" {freeze, Str+4 Int+3 SInv}
  1001 | D        | Got the Tome of Clay and Benedictions
  1008 | D        | Got the cursed ring of Buboguog {rElec rN+ Str+6 Dex-4 Slay-2}
  1075 | D        | Entered arena 14.
  1078 | D        | Found a transporter.
  1137 | D        | Entered arena 15.
  1138 | D        | Noticed a ghoul
  1161 | D        | Killed a ghoul
  1162 | D        | Found a transporter.
  1182 | D        | Entered arena 16.
  1226 | D        | Noticed a mummy priest
  1227 | D        | Found a transporter.
  1231 | D        | Noticed a reaper
  1232 | D        | Killed a mummy priest
  1248 | D        | Got the +8 glaive of Penurelo {flame, rElec rF- Str+2 Int+4}
  1258 | D        | Got the Grimoire of Igneous Stolen Souls
  1264 | D        | Got the +1 robe of Deip {rElec Int+4}
  1269 | D        | Got the +7 falchion "Tewk" {pain, Str+3}
  1384 | D        | Entered arena 17.
  1389 | D        | Noticed a vampire knight
  1390 | D        | Noticed a ghoul
  1393 | D        | Killed a vampire knight
  1393 | D        | Gained mutation: You are immune to clouds of flame. [demonic ancestry]
  1393 | D        | Reached XP level 13. HP: 113/113 MP: 17/28
  1398 | D        | Killed a ghoul
  1399 | D        | Found a transporter.
  1413 | D        | Got the +1 helmet "Tamubb" {rC+}
  1431 | D        | Got the cursed +0 chain mail of Summertime {rC+ Dex+2}
  1467 | D        | Entered arena 18.
  1479 | D        | Found a transporter.
  1517 | D        | Got the +2 hand axe of Lahamiom {antimagic, *Rage rElec Dex+4}
  1520 | D        | Got the ring "Rukhy" {MR+ SInv}
  1525 | D        | Got the cursed +1 mace "Ompuebri" {crush, +Blink MR++}
  1611 | D        | Entered arena 19.
  1614 | D        | Noticed a shadow dragon
  1614 | D        | Noticed a stone giant
  1614 | D        | Noticed a shadow dragon
  1614 | D        | Noticed a lich
  1614 | D        | Noticed a shadow dragon
  1614 | D        | Noticed a stone giant
  1617 | D        | Reached skill level 15 in Fighting
  1619 | D        | Killed a lich
  1620 | D        | Killed a stone giant
  1620 | D        | Killed a stone giant
  1620 | D        | Reached XP level 14. HP: 102/124 MP: 25/30
  1621 | D        | Killed a shadow dragon
  1621 | D        | Killed a shadow dragon
  1621 | D        | Killed a shadow dragon
  1622 | D        | Found a transporter.
  1692 | D        | Got the cursed +0 helmet "Uguprisu" {Int+4}
  1696 | D        | Got the cursed +1 ring mail of Exclusion {rElec MR+ Str-2 Dex+8}
  1700 | D        | Entered arena 20.
  1707 | D        | Noticed an acid blob
  1707 | D        | Noticed an azure jelly
  1709 | D        | Reached skill level 15 in Shields
  1709 | D        | Reached skill level 15 in Armour
  1711 | D        | Killed an acid blob
  1711 | D        | Killed an azure jelly
  1711 | D        | Reached skill level 27 in Invocations
  1714 | D        | Found a transporter.
  1734 | D        | Got the +6 scimitar "Kehootoi" {venom, +Rage MR+ Str+3 Int+7}
  1814 | D        | Entered arena 21.
  1818 | D        | Noticed an azure jelly
  1819 | D        | Noticed an azure jelly
  1819 | D        | Noticed an acid blob
  1821 | D        | Noticed an azure jelly
  1821 | D        | Noticed an acid blob
  1821 | D        | Noticed an azure jelly
  1822 | D        | Killed an azure jelly
  1822 | D        | Reached skill level 5 in Dodging
  1823 | D        | Killed an acid blob
  1823 | D        | Killed an azure jelly
  1823 | D        | Reached skill level 15 in Unarmed Combat
  1823 | D        | Gained mutation: Your spells are a little easier to cast, but a little less powerful. [a shining eye]
  1824 | D        | Killed an azure jelly
  1825 | D        | Killed an azure jelly
  1825 | D        | Killed an acid blob
  1828 | D        | Gained mutation: Your spells are easier to cast, but less powerful. [a shining eye]
  1829 | D        | Reached XP level 15. HP: 126/135 MP: 8/32
  1831 | D        | Found the +4 arc blade {discharge, rElec}
  1831 | D        | Found a transporter.
  1841 | D        | Got the amulet "Beuqifo" {Spirit rF+}
  1850 | D        | Got the cursed +0 ring mail of Fun and Games {rPois}
  1853 | D        | Got the +7 flail "Lis Dung" {venom, MR+ Dex+5}
  1865 | D        | Got the cursed +1 scale mail "Xumadul" {rPois}
  1906 | D        | Entered arena 22.
  1961 | D        | Noticed a glowing shapeshifter
  1961 | D        | a glowing shapeshifter changed into an ooze
  1961 | D        | Noticed a glowing shapeshifter
  1961 | D        | Noticed a glowing shapeshifter
  1962 | D        | Noticed a fire giant
  1962 | D        | Noticed a shard shrike
  1962 | D        | Noticed a shard shrike
  1962 | D        | a glowing shapeshifter changed into a shard shrike
  1962 | D        | Noticed a juggernaut
  1962 | D        | a shard shrike changed into a juggernaut
  1962 | D        | Noticed a shard shrike
  1962 | D        | a juggernaut changed into a shard shrike
  1962 | D        | Noticed a quicksilver dragon
  1962 | D        | a dire elephant changed into a quicksilver dragon
  1963 | D        | Killed a shard shrike
  1963 | D        | Noticed a shadow dragon
  1963 | D        | a fire giant changed into a shadow dragon
  1964 | D        | Killed a shard shrike
  1964 | D        | Reached skill level 10 in Dodging
  1964 | D        | Noticed an iron dragon
  1964 | D        | a shadow dragon changed into an iron dragon
  1965 | D        | Killed a quicksilver dragon
  1965 | D        | a glowing shapeshifter changed into a killer bee
  1965 | D        | Noticed a golden dragon
  1965 | D        | an iron dragon changed into a golden dragon
  1970 | D        | Noticed a shadow dragon
  1970 | D        | a golden dragon changed into a shadow dragon
  1975 | D        | Noticed a sphinx
  1976 | D        | Killed a shadow dragon
  1977 | D        | Found a transporter.
  1978 | D        | Noticed a shadow dragon
  1978 | D        | a sphinx changed into a shadow dragon
  1979 | D        | Noticed an iron giant
  1979 | D        | a shadow dragon changed into an iron giant
  1981 | D        | Noticed a caustic shrike
  1981 | D        | an iron giant changed into a caustic shrike
  1990 | D        | Killed a caustic shrike
  1993 | D        | Got the +7 flail "Leokhlej" {crush, Int+5}
  1995 | D        | Got the +8 whip "Kuing" {flame, rC+ Str+3}
  2018 | D        | Got the +9 mace "Hydraslayer" {flame, rElec Str-3 SInv}
  2218 | D        | Entered arena 23.
  2224 | D        | Noticed a bone dragon
  2232 | D        | Killed a bone dragon
  2246 | D        | Got the +7 scimitar of the Two Names {slice, *Slow Int+8}
  2249 | D        | Found a transporter.
  2258 | D        | Got the +6 rapier "Poquumap" {pierce, MP+9}
  2260 | D        | Got the ring "Jaebe" {+Blink rElec rC- SInv Stlth+}
  2298 | D        | Got the ring "Laxuyfetzu" {Ice +Blink rElec Int-5}
  2652 | D        | Entered arena 24.
  2714 | D        | Reached XP level 16. HP: 147/147 MP: 33/33
  2721 | D        | Found a transporter.
  2780 | D        | Got the +3 triple sword of Radicalism {elec, rPois Int+2}
  2783 | D        | Got the cursed +1 mace "Cicous" {drain, Str+7 Int+2}
  2802 | D        | Got the +5 ring mail of the Volcano {-Tele +Inv rF++ rCorr}
  2810 | D        | Got the ring "Cinoublu" {rF+ Str-2 Slay+3 Stlth-}
  2813 | D        | Entered arena 25.
  2820 | D        | Noticed a thorn hunter
  2821 | D        | Found the +3 hat of Pondering {ponderous, MR+ MP+10 Int+5}
  2822 | D        | Reached skill level 15 in Dodging
  2823 | D        | Noticed a thorn hunter
  2825 | D        | Killed a thorn hunter
  2827 | D        | Killed a thorn hunter
  2847 | D        | Found a transporter.
  2892 | D        | Got the cursed ring "Kidwohok" {Int-2 Dex+4}
  2900 | D        | Got the ring of Xom's Capriciousness {+Blink rF+}
  2917 | D        | Got the +3 leather armour of Tender Moments {*Drain rCorr Int+9 Dex-2}
  2922 | D        | Got the +8 fustibalus "Taqoum" {velocity, *Corrode Str+7}
  2934 | D        | Got the +5 shortbow of Weptouso {freeze, rPois Int+6}
  2944 | D        | Got the +4 scale mail "Cuademn" {*Drain rN+++}
  2955 | D        | Got the +1 chain mail "Keug" {rElec rN+}
  3039 | D        | Entered arena 26.
  3044 | D        | Noticed a deep elf blademaster
  3046 | D        | Noticed a deep elf blademaster
  3048 | D        | Noticed a deep elf blademaster
  3048 | D        | Noticed a deep elf master archer
  3050 | D        | Killed a deep elf blademaster
  3051 | D        | Killed a deep elf blademaster
  3051 | D        | Gained mutation: You are mostly covered in slimy green scales. (AC +3) [demonic ancestry]
  3051 | D        | Reached XP level 17. HP: 145/161 MP: 13/34
  3051 | D        | Killed a deep elf blademaster
  3052 | D        | Killed a deep elf master archer
  3052 | D        | Identified the +8 spear of Integrity {vamp, Dex+2}
  3094 | D        | Got the +4 short sword of the Thing {venom, *Drain rF+++ Int+7 Stlth-}
  3231 | D        | Got the cursed +2 hand axe of the New World {chop, rC+ MR+}
  3246 | D        | Found a transporter.
  3313 | D        | Got the cursed +0 chain mail of Kikubaaqudgha's Envy {*Slow rElec Int+4}
  3321 | D        | Got the +9 morningstar of the Globe {flame, rN+ Str+4}
  3338 | D        | Got the +11 mace of Ashenzari's Fury {freeze, Int+4}
  3354 | D        | Entered arena 27.
  3362 | D        | Noticed a deep elf master archer
  3362 | D        | Noticed a deep elf master archer
  3363 | D        | Noticed a deep elf master archer
  3363 | D        | Noticed a deep elf blademaster
  3364 | D        | Found the +4 Vampire's Tooth {vamp}
  3364 | D        | Noticed a deep elf blademaster
  3364 | D        | Noticed a deep elf master archer
  3364 | D        | Noticed a deep elf blademaster
  3367 | D        | Killed a deep elf blademaster
  3367 | D        | Killed a deep elf blademaster
  3367 | D        | Killed a deep elf blademaster
  3367 | D        | Killed a deep elf master archer
  3367 | D        | Gained mutation: Your demonic aura causes spilled blood to erupt in flames. [demonic ancestry]
  3367 | D        | Reached XP level 18. HP: 146/179 MP: 26/35
  3371 | D        | Found a transporter.
  3380 | D        | Got the ring of Ysuugg Jely {rElec rF+ rN+ Dex-5 Stlth+}
  3386 | D        | Got the cursed +0 halberd of Impermanence {flame, *Slow rElec rPois Stlth+}
  3396 | D        | Got the Disquisition on Mutagenic Contamination
  3404 | D        | Got the ring "Olecof" {Int+3 Stlth+}
  3407 | D        | Got the Catalogue of the Vitriolic Voyage
  3430 | D        | Entered arena 28.
  3482 | D        | Reached skill level 27 in Fighting
  3491 | D        | Found a transporter.
  3509 | D        | Got the +6 chain mail "Kilun" {*Contam +Inv Dex+6}
  3515 | D        | Got the +1 leather armour of Action {*Slow +Blink Dex+2}
  3523 | D        | Got the +7 hand crossbow "Xiril" {venom, *Corrode rPois rN+ Str+2}
  3525 | D        | Got the ring of Reesosae {rN+ MP+9 SInv}
  3530 | D        | Got the cursed +0 cloak of the Arcane {rPois}
  3550 | D        | Got the +9 triple crossbow of the Throat {elec, Dex+6}
  3609 | D        | Got the Orb of Zot
  6076 | D        | Escaped with the Orb!

Vault maps used:
D:        sprint_v

Skill      XL: |  1  2  3  4  5  6  7  8  9 10 11 12 13 14 15 16 17 18 |
---------------+-------------------------------------------------------+-----
Fighting       | 4 6 7 8 9 10 11 12 14 15 18 20 23 26 27 | 27.0
Axes           | 3 5 6 |  6.7
Armour         | 2 5 6 7 8 10 11 12 14 16 19 21 24 26 | 26.3
Dodging        | 4 8 13 17 20 23 | 23.5
Shields        | 2 5 6 7 8 10 11 13 14 15 | 15.0
Invocations    | 9 11 12 14 16 18 20 23 25 27 | 27.0
Unarmed Combat | 2 4 6 8 10 11 13 15 18 21 23 25 | 25.9
Stealth        | |  1.7

Action                   |  1- 3 |  4- 6 |  7- 9 | 10-12 | 13-15 | 16-18 || total
-------------------------+-------+-------+-------+-------+-------+-------++-------
Melee: Broad axe         |     4 |     3 |    27 |    25 |       |       ||    59
       Lance             |       |       |       |    19 |       |       ||    19
       Unarmed           |       |       |       |     9 |    35 |    41 ||    85
       Staff             |       |       |       |       |       |     2 ||     2
Invok: Slouch            |       |       |     1 |    34 |    44 |    33 ||   112
Evoke: Wand              |     1 |       |       |       |       |       ||     1
  Use: Potion            |     3 |       |       |       |     1 |     5 ||     9
       Scroll            |       |       |       |       |     4 |     1 ||     5
 Stab: Invisible         |       |       |       |       |     2 |       ||     2
  Eat: Ration            |       |       |       |     3 |     1 |       ||     4
       Chunk             |       |       |       |       |    30 |    47 ||    77
Armor: Gold dragon scale |     2 |       |     6 |    38 |    24 |    48 ||   118
Dodge: Dodged            |       |     1 |     2 |     9 |     8 |    52 ||    72
Block: Shield            |     4 |     3 |    45 |   108 |    83 |   165 ||   408
       Reflection        |       |       |       |       |     5 |    15 ||    20

Table legend:
 A = Spawn XP
 B = Non-spawn XP
 C = Spawn XP percentage of total XP
 D = Spawn monster count
 E = Non-spawn monster count
 F = Spawn count percentage of total count
 G = Total turns spent on level
                    A         B        C        D         E        F      G
               +---------+---------+-------+---------+---------+-------+---------
         Total |       0 |  354390 |   0.0 |       0 |     529 |   0.0 |  6076
               +---------+---------+-------+---------+---------+-------+---------
             D |       0 |  354390 |   0.0 |       0 |     529 |   0.0 |  6076
               +---------+---------+-------+---------+---------+-------+---------

Vault maps used:
D:        sprint_v
